Map: Ruínas de Endion

Players

TheZergLord - Winner!

  • Race: Zerg Zerg
  • League: Master

beaRs

  • Race: Zerg Zerg
  • League: Master

VOD

Have the link to the VOD?

Description

Time

  • Played on: May 23, 2016, 1:35 p.m.
  • Length: 14:05
Show
View Real Time Build Order
Export as new Build Order

TheZergLord Zerg - Winner!

Build Orders: Hatch First 

Get SALT Encoding   

  12  0:01  Drone  
  13  0:12  Overlord  
  13  0:18  Drone  
  14  0:31  Drone x2  
  14  0:34  Drone  
  17  0:52  Hatchery  
  17  0:55  Drone  
  17  1:11  Spawning Pool  
  16  1:12  Extractor  
  16  1:14  Drone  
  16  1:17  Drone  
  17  1:20  Drone  
  18  1:29  Drone  
  19  1:39  Overlord  
  19  1:55  Drone  
  19  2:00  Queen  
  23  2:01  Zergling x2  
  23  2:03  Queen  
  23  2:06  Zergling x2  
  26  2:13  Metabolic Boost  
  26  2:14  Drone  
  26  2:15  Drone  
  29  2:22  Drone  
  29  2:29  Drone  
  30  2:35  Drone  
  31  2:38  Drone  
  32  2:45  Drone  
  32  2:51  Lair  
  33  2:52  Overlord  
  33  2:54  Drone  
  33  2:57  Extractor  
  33  2:58  Drone, Extractor  
  34  3:04  Drone  
  34  3:08  Drone x2  
  34  3:10  Drone  
  34  3:11  Drone  
  38  3:20  Extractor  
  38  3:21  Overlord  
  38  3:22  Drone x3  
  40  3:29  Drone  
  40  3:30  Drone  
  42  3:47  Drone  
  43  3:48  Hatchery  
  43  3:54  Drone x2, Spire  
  43  3:57  Drone  
  43  3:58  Drone  
  45  4:03  Overlord  
  45  4:07  Overlord  
  45  4:19  Overseer  
  45  4:23  Drone x3  
  45  4:24  Drone x2  
  50  4:27  Overlord  
  50  4:30  Drone x2  
  52  4:41  Overlord  
  52  4:43  Drone  
  52  4:44  Drone x2  
  55  4:52  Drone x4  
  59  4:56  Overlord  
  59  4:57  Overlord  
  59  5:09  Zerg Flyer Weapons Level 1  
  59  5:11  Mutalisk x4  
  67  5:16  Mutalisk  
  69  5:22  Mutalisk x2  
  69  5:24  Mutalisk x2  
  69  5:26  Mutalisk  
  79  5:34  Drone x2  
  79  5:35  Evolution Chamber x2  
  79  5:36  Drone  
  79  5:37  Drone  
  81  5:45  Infestation Pit  
  81  5:46  Mutalisk  
  81  5:48  Drone x4  
  86  5:50  Queen  
  88  6:02  Zergling x2  
  88  6:03  Zergling x2  
  90  6:05  Overlord  
  90  6:12  Zerg Ground Armor Level 1, Zerg Melee Weapons Level 1  
  90  6:25  Hive  
  90  6:32  Drone x9, Extractor  
  98  6:34  Extractor  
  97  6:43  Overlord x3  
  97  6:49  Spine Crawler  
  97  6:50  Spine Crawler, Overlord x2  
  97  6:51  Drone, Spine Crawler  
  97  6:52  Drone x2, Spine Crawler  
  97  6:53  Spine Crawler  
  95  6:54  Spine Crawler  
  94  7:05  Drone x3  
  94  7:06  Zergling x4  
  94  7:07  Zergling x10  
  104  7:24  Overlord  
  104  7:37  Zergling x2  
  104  7:38  Zergling x22  
  116  7:44  Ultralisk Cavern  
  116  7:45  Adrenal Glands  
  116  7:48  Zergling x2  
  116  7:52  Drone x2  
  118  8:06  Hatchery  
  118  8:08  Zerg Ground Armor Level 2, Zerg Melee Weapons Level 2  
  117  8:18  Hatchery  
  116  8:34  Chitinous Plating  
  116  8:35  Ultralisk x4  
  116  8:40  Ultralisk  
  146  8:49  Overlord x5  
  146  9:09  Ultralisk x2  
  158  9:11  Ultralisk  
  162  9:32  Ultralisk  
  162  9:34  Overlord  
  168  9:48  Ultralisk x2  
  168  9:50  Drone x6  
  168  9:51  Drone  
  168  9:52  Zergling x10  
  192  10:12  Ultralisk  
  193  10:33  Zergling x14  
  199  10:36  Zerg Melee Weapons Level 3, Zerg Ground Armor Level 3  
  174  10:50  Overseer x4  
  168  10:57  Zergling x2, Ultralisk  
  168  10:58  Zergling x40  
  168  10:59  Zergling x8  
  199  11:16  Extractor  
  199  11:17  Drone x2, Extractor  
  199  11:25  Hatchery  
  197  11:58  Pneumatized Carapace  
  197  12:01  Greater Spire  
  130  12:33  Ultralisk x3  
  130  12:34  Ultralisk x3  
  163  12:37  Zergling x18, Ultralisk  
  163  12:38  Zergling x24  
  183  12:47  Overlord  
  183  12:54  Ultralisk  
  183  12:57  Zergling x4  
  183  12:58  Zergling x10  
Show
View Real Time Build Order
Export as new Build Order

beaRs Zerg 

Build Orders: Pool First, Lurkers 

Get SALT Encoding   

  12  0:01  Drone  
  13  0:13  Overlord  
  13  0:18  Drone  
  14  0:31  Drone x2  
  14  0:35  Drone  
  17  0:45  Drone  
  18  0:51  Spawning Pool  
  17  1:11  Hatchery  
  16  1:13  Drone  
  16  1:16  Drone  
  18  1:19  Extractor  
  17  1:37  Queen  
  17  1:38  Zergling x2  
  17  1:39  Zergling x2  
  21  1:43  Overlord  
  21  1:50  Drone  
  22  2:05  Drone  
  23  2:13  Queen, Drone  
  26  2:23  Queen, Drone  
  26  2:24  Drone  
  30  2:33  Overlord  
  30  2:35  Drone  
  31  2:44  Drone  
  31  2:46  Drone  
  31  2:47  Drone  
  31  2:48  Drone x2  
  36  2:56  Lair  
  36  2:58  Drone  
  37  3:05  Drone  
  38  3:07  Queen  
  41  3:12  Drone  
  41  3:16  Overlord  
  41  3:18  Drone  
  41  3:19  Drone  
  43  3:22  Drone  
  44  3:29  Overlord  
  44  3:38  Hatchery  
  44  3:40  Drone  
  44  3:42  Drone  
  44  3:43  Drone  
  44  3:45  Drone  
  47  3:52  Drone x2  
  49  3:58  Roach Warren  
  49  4:00  Overseer  
  49  4:01  Drone, Evolution Chamber  
  48  4:08  Drone x5  
  53  4:11  Extractor x2  
  53  4:13  Drone  
  52  4:27  Drone x3  
  52  4:31  Queen, Zerg Missile Weapons Level 1  
  55  4:36  Drone x3  
  55  4:37  Extractor  
  59  4:43  Overlord  
  59  4:44  Overlord  
  59  4:55  Queen  
  59  4:56  Drone  
  59  4:57  Drone x4  
  66  5:04  Spore Crawler  
  65  5:09  Pneumatized Carapace, Spore Crawler  
  64  5:17  Hydralisk Den, Spore Crawler  
  64  5:18  Drone x2  
  64  5:19  Drone x4  
  64  5:20  Spore Crawler  
  67  5:21  Drone  
  67  5:23  Drone  
  69  5:28  Spore Crawler  
  69  5:29  Drone  
  69  5:31  Spore Crawler  
  68  5:47  Drone x5  
  68  5:48  Drone x2  
  75  5:58  Hydralisk  
  75  5:59  Hydralisk  
  75  6:00  Hydralisk, Muscular Augments  
  75  6:02  Overlord x3  
  81  6:12  Metabolic Boost  
  81  6:21  Overlord  
  81  6:23  Glial Reconstitution  
  81  6:25  Hydralisk x6  
  83  6:26  Hydralisk  
  83  6:30  Drone x3  
  98  6:33  Overlord  
  98  6:45  Extractor  
  98  6:46  Extractor  
  96  6:53  Zerg Missile Weapons Level 2  
  96  6:56  Hydralisk x5  
  96  6:59  Overlord x3  
  106  7:12  Overlord x2  
  106  7:19  Lurker Den, Infestation Pit  
  106  7:20  Hydralisk  
  106  7:21  Hydralisk x4  
  116  7:22  Drone  
  116  7:23  Drone x3  
  116  7:24  Drone  
  116  7:25  Drone  
  118  7:47  Hatchery  
  118  7:48  Roach x7  
  118  7:49  Spore Crawler  
  130  7:54  Roach  
  130  7:56  Roach  
  130  7:57  Overseer x2  
  134  8:00  Hive  
  134  8:01  Drone  
  134  8:04  Drone  
  138  8:05  Roach  
  138  8:22  Overlord x2  
  138  8:40  Overlord x2  
  138  8:41  Overlord  
  138  8:42  Drone  
  138  8:43  Drone x9  
  148  8:51  Ravager x2  
  148  8:53  Lurker x4  
  154  9:00  Drone  
  154  9:01  Drone x6  
  154  9:02  Drone x3  
  164  9:09  Zerg Ground Armor Level 1, Extractor  
  163  9:10  Extractor  
  163  9:13  Viper x2  
  168  9:20  Evolution Chamber  
  168  9:22  Extractor  
  166  9:26  Drone x3  
  166  9:29  Extractor  
  168  9:38  Hydralisk  
  168  9:39  Hydralisk  
  168  9:40  Hydralisk x6  
  168  9:44  Extractor  
  183  9:47  Overlord x2  
  183  9:50  Extractor  
  182  9:53  Zerg Melee Weapons Level 1  
  182  9:56  Overlord  
  182  10:02  Overlord  
  182  10:08  Spire  
  182  10:10  Lurker x4  
  182  10:11  Lurker  
  186  10:18  Drone  
  186  10:19  Drone x4  
  186  10:20  Drone  
  192  10:30  Zergling x2  
  192  10:31  Zergling x14  
  192  10:32  Hatchery  
  188  10:45  Hydralisk x10  
  188  10:46  Hydralisk x2  
  196  10:53  Drone, Zergling x2  
  196  10:54  Drone  
  197  11:01  Drone x4, Spore Crawler, Spine Crawler  
  197  11:02  Spine Crawler  
  197  11:03  Hydralisk, Spine Crawler  
  197  11:06  Zerg Missile Weapons Level 3  
  197  11:11  Drone  
  197  11:12  Drone x2, Ultralisk Cavern  
  199  11:28  Hatchery  
  188  11:48  Zergling x8  
  188  11:49  Zergling x6  
  195  11:55  Drone x3, Spine Crawler  
  195  11:57  Spine Crawler  
  195  11:58  Spine Crawler  
  195  12:01  Chitinous Plating  
  193  12:11  Ultralisk  
  168  12:25  Ultralisk x4  
  168  12:26  Ultralisk  
  168  12:29  Ultralisk x2  
  174  12:30  Zergling x2  
  174  12:31  Zergling x16  
  174  12:32  Drone  
  174  12:33  Drone x2  
  174  12:34  Queen x3  
  176  12:37  Drone  
  177  12:46  Drone x3  
  180  13:23  Hatchery  
  180  13:24  Drone x3  
  180  13:25  Drone x2  
Tags
 
Add a new tag
Caveats
  • Supply blocks, unpowered buildings, or Contaminate may cause inaccurate times.
  • Supply counts are checked every 10 seconds.